 Dungeon Crawl Stone Soup version 0.17-a0-1446-gc28613e (webtiles) character file.

231 pulse the Grave Robber (level 6, -1/48 HPs)
             Began as a Hill Orc Necromancer on June 28, 2015.
             Slain by an iguana (5 damage)
             ... on level 4 of the Dungeon.
             The game lasted 00:12:18 (4259 turns).

pulse the Grave Robber (Hill Orc Necromancer)       Turns: 4259, Time: 00:12:19

Health: -1/48      AC:  7    Str: 13    XL:     6   Next: 3%
Magic:  17/17      EV: 11    Int: 15    God:
Gold:   129        SH:  0    Dex: 11    Spells: 2 memorised, 2 levels left

rFire  . . .     SeeInvis .     k - +1 hand axe
rCold  . . .     Clarity  .     d - +1 ring mail
rNeg   . . .     SustAt   .     (no shield)
rPois  .         Gourm    .     (no helmet)
rElec  .         Spirit   .     i - +0 cloak
rCorr  .         Warding  .     (no gloves)
rMut   .         Stasis   .     (no boots)
MR     .....                    (no amulet)
Stlth  +.........               o - ring of magical power
                                e - ring of wizardry

@: about to teleport, not resistant to hostile enchantments, very unstealthy
A: no striking features
a: no special abilities


You were on level 4 of the Dungeon.
You were hungry.

You visited 1 branch of the dungeon, and saw 4 of its levels.

You collected 129 gold pieces.

Inventory:

Hand weapons
 k - a +1 hand axe (weapon)
Armour
 d - a +1 ring mail (worn)
 i - a +0 cloak (worn)
Jewellery
 e - a ring of wizardry (left hand)
 m - an uncursed ring of flight
 o - a ring of magical power (right hand)
Magical devices
 u - a wand of flame (48)
Scrolls
 p - 2 scrolls of enchant armour
 r - a scroll of identify
Potions
 h - a potion of degeneration {unknown}
 j - a potion of brilliance {unknown}
 n - a potion of cancellation {unknown}
Books
 b - a book of Necromancy

   Spells                             Type                      Level
   a - Pain                           Necromancy                   1
   b - Animate Skeleton               Necromancy                   1
   c - Vampiric Draining              Necromancy                   3
   d - Regeneration                   Charms/Necromancy            3
   e - Animate Dead                   Necromancy                   4
   f - Control Undead                 Necromancy                   4
 s - a book of the Tempests

   Spells                             Type                      Level
   a - Static Discharge               Conjuration/Air              3
   b - Lightning Bolt                 Conjuration/Air              5
   c - Fireball                       Conjuration/Fire             5
   d - Tornado                        Air                          9
   e - Shatter                        Earth                        9
Comestibles
 c - 4 bread rations


   Skills:
 + Level 2.0 Fighting
 * Level 3.0 Axes
 * Level 3.2 Armour
 - Level 2.0 Dodging
 - Level 1.5 Stealth
 - Level 1.7 Spellcasting
 * Level 5.0 Necromancy


You had 2 spell levels left.
You knew the following spells:

 Your Spells              Type           Power        Failure   Level  Hunger
a - Regeneration          Chrm/Necr      #.........   32%         3    ####...
b - Vampiric Draining     Necr           ###.......   9%          3    ####...


Dungeon Overview and Level Annotations

Branches:
Dungeon (4/15)
 Temple: D:4-7

Altars:
Okawaru


Message History

You bump into the rock wall.
The iguana misses you.
You bump into the rock wall.
You feel less invigorated.
You feel less confused. The iguana barely misses you.
You closely miss the iguana.
The iguana is heavily wounded.
The iguana bites you!
You hit the iguana but do no damage.
The iguana is heavily wounded.
The iguana bites you!
* * * LOW HITPOINT WARNING * * *
You hit the iguana.
The iguana is severely wounded.
The iguana bites you.
* * * LOW HITPOINT WARNING * * *
You see here a bat skeleton.
Your magical contamination has completely faded away.
As you read the scroll of teleportation, it crumbles to dust.
You feel strangely unstable. The iguana bites you.
You die...

#.##.# #.# #.##.# #÷# ...
###....# #.# #.# #.##<#### #.#
#.# #.###.# #.# #.# .# #..# #.#
#.# # .###..###### #.# #.# #
...........# #l# #.# #
.###..####.# #@# #.#### .# #..#
#.# ##.## ##..... .#
#..####.####.#.#########...### .#
#...........###............†.. ##
##.#######.#.#.#########...###
#..# #.......[..##########
######.######.########(.....)....
.........>.##.# ############
...........##.#


You could see an iguana.

Vanquished Creatures
  A giant frog zombie (D:4)
  A hound (D:4)
  Natasha (D:3)
  A worker ant (D:4)
  2 adders (D:3)
  3 oozes
  4 worms
  3 giant geckos
  3 orcs (D:3)
  3 ball pythons
  5 giant cockroaches
  7 hobgoblins
  10 kobolds
  2 quokkas
  13 bats
  5 giant newts
  9 goblins
  12 rats
85 creatures vanquished.

Notes
Turn   | Place    | Note
--------------------------------------------------------------
     0 | D:1      | pulse the Hill Orc Necromancer began the quest for the Orb.
     0 | D:1      | Reached XP level 1. HP: 14/14 MP: 3/3
   269 | D:1      | Reached XP level 2. HP: 20/22 MP: 2/4
   304 | D:1      | Reached skill level 1 in Fighting
   787 | D:1      | Reached XP level 3. HP: 26/28 MP: 2/5
  1831 | D:2      | Reached skill level 1 in Axes
  1836 | D:2      | Learned a level 3 spell: Vampiric Draining
  1867 | D:2      | Reached skill level 1 in Armour
  2165 | D:2      | Reached XP level 4. HP: 35/35 MP: 6/6
  2944 | D:3      | Noticed Natasha
  2953 | D:3      | Killed Natasha
  3094 | D:3      | Reached XP level 5. HP: 34/40 MP: 7/7
  3683 | D:4      | Reached skill level 5 in Necromancy
  3951 | D:4      | Learned a level 3 spell: Regeneration
  4005 | D:4      | Found an iron altar of Okawaru.
  4015 | D:4      | Reached XP level 6. HP: 30/48 MP: 8/8
  4234 | D:4      | HP: 2/48 [iguana (8)]
  4241 | D:4      | HP: 1/48 [iguana (5)]
  4259 | D:4      | Slain by an iguana

Vault maps used:
D:1:      sevenhm_arrival_forest_fort_large_2, minmay_strange_pillars,
          st_stairs_9
D:2:      first_bread, hangedman_feature_mirror
D:3:      nrook_mini_backslash, uniq_natasha
D:4:      okawaru_gym_becter

Action                   |  1- 3 |  4- 6 || total
-------------------------+-------+-------++-------
Melee: Unarmed           |    31 |       ||    31
       Hand axe          |    70 |   178 ||   248
 Cast: Pain              |    41 |     5 ||    46
       Regeneration      |       |     1 ||     1
  Use: Scroll            |     6 |     6 ||    12
       Potion            |       |     2 ||     2
 Stab: Sleeping          |     1 |       ||     1
  Eat: Chunk             |     5 |     5 ||    10
       Beef jerky        |       |     1 ||     1
